 Dungeon Crawl Stone Soup version 0.29.0-4-gdea44cf6ec (webtiles) character file.

Game seed: 11999376141519795220

89 qw the Chopper (level 4, -3/26 HPs)
             Began as a Tengu Warper on Aug 28, 2022.
             Killed by divine providence
             ... invoked by an orc priest
              (7 damage)
             ... on level 3 of the Dungeon.
             The game lasted 00:00:11 (1581 turns).

qw the Chopper (Tengu Warper)                       Turns: 1581, Time: 00:00:11

Health: -3/26      AC:  7    Str: 14    XL:     4   Next: 55%
Magic:  8/8        EV: 11    Int: 13    God:
Gold:   56         SH:  0    Dex: 13    Spells: 7/7 levels left

rFire   . . .      SeeInvis .   Y - +0 hand axe
rCold   . . .      Faith    .   (no shield)
rNeg    . . .      Spirit   .   a - +0 ring mail
rPois   .          Reflect  .   (helmet restricted)
rElec   .          Harm     .   q - +0 cloak
rCorr   .          Rampage  .   o - +0 pair of gloves
Will    +....                   (boots unavailable)
Stlth   +.........              (no amulet)
HPRegen 0.08/turn               p - ring of willpower
MPRegen 0.11/turn               (no ring)

@: about to teleport
A: beak, talons 3
a: no special abilities


You were on level 3 of the Dungeon.
You visited 1 branch of the dungeon, and saw 3 of its levels.

You collected 160 gold pieces.
You spent 104 gold pieces at shops.


Innate Abilities, Weirdness & Mutations

You have a beak for a mouth.
You have claws for feet.


   Skills:
 - Level 2.0 Fighting
 + Level 5.1 Axes
 - Level 1.0 Throwing
 - Level 1.1 Armour
 - Level 2.1 Dodging
 - Level 2.0 Spellcasting
 - Level 2.4 Translocations


You had 7 spell levels left.
You didn't know any spells.
Your spell library contained the following spells:

 Spells                   Type           Power      Damage    Failure   Level
 Blink                    Tloc           14%        N/A       30%         2
 Gell's Gravitas          Tloc           7%         N/A       52%         3
 Lesser Beckoning         Tloc           7%         N/A       52%         3
 Teleport Other           Tloc           7%         N/A       52%         3
 Manifold Assault         Tloc           7%         N/A       99%         5

Inventory:

Hand Weapons
 i - a +0 whip
 Y - a +0 hand axe (weapon)
Armour
 a - a +0 ring mail (worn)
 o - a +0 pair of gloves (worn)
 q - a +0 cloak (worn)
Jewellery
 g - a ring of fire
 p - a ring of willpower (left hand)
Scrolls
 h - a scroll of identify
Potions
 b - 2 potions of brilliance {unknown}
 d - a potion of heal wounds {unknown}
 e - a potion of cancellation
 f - a potion of haste
 k - a potion of lignification {unknown}
 l - a potion of resistance {unknown}
 m - a potion of ambrosia {unknown}
 n - 2 potions of curing

Dungeon Overview and Level Annotations

Branches:
Dungeon (3/15)

Altars:
Dithmenos

Shops:
D:2 !


Message History

You start waiting.
An orc wizard is nearby!
An orc comes into view. It is wielding a +0 dagger.
The orc shouts!
You closely miss the orc wizard. You peck the orc wizard.
The orc wizard is moderately wounded.
The orc wizard hits you with a +0 dagger.
You hit the orc wizard. You claw the orc wizard. You peck the orc wizard.
You kill the orc wizard!
Your Axes skill increases to level 5!
You hit the orc. You claw the orc.
You kill the orc!
An orc priest comes into view. It is wielding a +0 whip.
1572 ||| Stepping ~*~*~tactically~*~*~ (stealth).
The orc priest shouts!
You hit the orc. You claw the orc, but do no damage.
The orc is severely wounded.
The orc hits you with a +0 dagger.
You hit the orc.
You kill the orc!
The orc priest invokes the aid of Beogh against you.
Beogh smites you!
The orc priest begins to cast a cantrip, but forgets the words!
The orc priest barely misses you.
You closely miss the orc priest. Your peck misses the orc priest.
The orc priest hits you with a +0 whip.
You hit the orc priest. Your kick misses the orc priest.
You peck the orc priest.
The orc priest is lightly wounded.
The orc priest barely misses you.
You hit the orc priest but do no damage.
Your kick misses the orc priest. You peck the orc priest.
The orc priest is moderately wounded.
The orc priest hits you with a +0 whip.
1581 ||| READING scroll of teleportation.
As you read the scroll of teleportation, it crumbles to dust.
You feel strangely unstable.
The orc priest mumbles some strange prayers to Beogh against you.
Beogh smites you!
You die...

# #. ##.## ....##
#.#o.### #...@..##
#####...# ##).#
#..###... #........
###########.####.##
#.........#.#
#.#######.#.#
#.#.....#.#.#


You could see an orc priest.

Vanquished Creatures
  An orc wizard (D:3)
  3 adders
  A worm (D:2)
  A dart slug (D:1)
  2 orcs (D:3)
  An endoplasm (D:3)
  3 giant cockroaches
  3 goblins
  3 hobgoblins
  6 ball pythons
  4 frilled lizards
  3 kobolds
  4 rats
35 creatures vanquished.

Notes
Turn   | Place    | Note
-------+----------+-------------------------------------------
     0 | D:1      | qw the Tengu Warper began the quest for the Orb.
     0 | D:1      | Reached XP level 1. HP: 12/12 MP: 4/4
     0 | D:1      | 0 ||| qw: Version: 0.1-a-89-g26bdef1
     0 | D:1      | 0 ||| qw: Game counter: 1200
     0 | D:1      | 0 ||| qw: Always use a shield: true
     0 | D:1      | 0 ||| qw: God list: Okawaru
     0 | D:1      | 0 ||| qw: Allow faded altars: false
     0 | D:1      | 0 ||| qw: Do Orc after D:15 true
     0 | D:1      | 0 ||| qw: Do second Lair branch before Depths: true
     0 | D:1      | 0 ||| qw: Lair rune preference: random
     0 | D:1      | 0 ||| qw: Plans: Normal
     0 | D:1      | 0 ||| PLANNING D:1-11
   194 | D:1      | 194 ||| Stepping ~*~*~tactically~*~*~ (stealth).
   195 | D:1      | 195 ||| Stepping ~*~*~tactically~*~*~ (stealth).
   224 | D:1      | Reached skill level 3 in Axes
   224 | D:1      | Reached XP level 2. HP: 15/17 MP: 6/6
   742 | D:1      | 742 ||| UPGRADING to +0 pair of gloves.
   747 | D:1      | 747 ||| UPGRADING to +0 cloak.
   752 | D:1      | 752 ||| UPGRADING to ring of willpower.
   753 | D:1      | 753 ||| READING scroll labelled NID QEG GIU.
   754 | D:1      | 754 ||| READING scroll labelled FEYF YBRIAN.
   755 | D:1      | 755 ||| READING scroll labelled BONOCE JUGORCH.
   756 | D:1      | 756 ||| DROPPING scroll of blinking.
   800 | D:2      | 800 ||| Stepping ~*~*~tactically~*~*~ (stealth).
   821 | D:2      | 821 ||| Stepping ~*~*~tactically~*~*~ (hiding).
   836 | D:2      | 836 ||| Stepping ~*~*~tactically~*~*~ (stealth).
   844 | D:2      | Reached XP level 3. HP: 20/21 MP: 7/7
   901 | D:2      | Found a shadowy altar of Dithmenos.
   920 | D:2      | Found Ostudioff's Distillery.
   928 | D:2      | 928 ||| SHOPLISTING 2 potions of haste (260 gold, have
                  | 109).
   928 | D:2      | 928 ||| BUYING potion of cancellation (104 gold).
   928 | D:2      | Bought a potion of cancellation for 104 gold pieces
   928 | D:2      | 928 ||| SHOPLISTING potion of curing (39 gold, have 5).
   928 | D:2      | 928 ||| SHOPLISTING potion of heal wounds (65 gold, have
                  | 5).
   928 | D:2      | 928 ||| SHOPLISTING potion of might (52 gold, have 5).
   928 | D:2      | 928 ||| SHOPLISTING potion of mutation (104 gold, have 5).
   936 | D:2      | 936 ||| Stepping ~*~*~tactically~*~*~ (stealth).
   938 | D:2      | 938 ||| Stepping ~*~*~tactically~*~*~ (stealth).
  1065 | D:2      | Reached skill level 4 in Axes
  1168 | D:2      | 1168 ||| DROPPING +0 club.
  1345 | D:2      | Found a faded altar of an unknown god.
  1346 | D:2      | 1346 ||| UPGRADING to +0 ring mail.
  1356 | D:2      | 1356 ||| DROPPING +0 leather armour.
  1357 | D:2      | 1357 ||| READING 2 scrolls labelled DYUGAE ATEC.
  1361 | D:2      | 1361 ||| DRINKING 2 purple potions.
  1362 | D:2      | 1362 ||| DRINKING 3 fuming cyan potions.
  1462 | D:3      | Reached XP level 4. HP: 26/26 MP: 8/8
  1559 | D:3      | 1559 ||| Stepping ~*~*~tactically~*~*~ (stealth).
  1561 | D:3      | 1561 ||| Stepping ~*~*~tactically~*~*~ (stealth).
  1564 | D:3      | 1564 ||| Stepping ~*~*~tactically~*~*~ (hiding).
  1570 | D:3      | Reached skill level 5 in Axes
  1572 | D:3      | 1572 ||| Stepping ~*~*~tactically~*~*~ (stealth).
  1580 | D:3      | HP: 4/26 [orc priest/+0 whip (3)]
  1581 | D:3      | 1581 ||| READING scroll of teleportation.
  1581 | D:3      | Killed from afar by an orc priest

Levels and vault maps discovered:
D:1:      dpeg_arrival_boxorama, layout_loops_cross, serial_glass,
          glass_columns_a, glass_columns_a, nicolae_titane
D:2:      layout_rooms, basic_altar, shapermc_ecumenical_altar_mp_vishouse,
          serial_shops, shop, minmay_pentomino_z4
D:3:      layout_basic, nicolae_hepliaklqana_hippocampus

Skill      XL: |  1  2  3  4 |
---------------+-------------+-----
Axes           | 3 4 5 |  5.1
Fighting       | |  2.0
Throwing       | |  1.0
Armour         | |  1.1
Dodging        | |  2.1
Spellcasting   | |  2.0
Translocations | |  2.4

Action                   |  1- 3 |  4- 6 || total
-------------------------+-------+-------++-------
Melee: Hand axe          |    72 |    12 ||    84
       Kick              |    17 |     5 ||    22
       Peck              |    12 |     6 ||    18
Throw: Boomerang         |     7 |       ||     7
  Use: Scroll            |     4 |     1 ||     5
       Potion            |     2 |       ||     2
Armor: Leather armour    |    17 |       ||    17
       Ring mail         |     5 |     1 ||     6
Dodge: Dodged            |    36 |     3 ||    39

Table legend:
 A = Non-vault XP
 B = Vault XP
 C = Vault XP percentage of total XP
 D = Non-vault monster count
 E = Vault monster count
 F = Vault count percentage of total count
                 A         B        C        D         E       F
            +---------+---------+-------+---------+---------+-------
      Total |     113 |      15 |  11.7 |      32 |       3 |   8.6
            +---------+---------+-------+---------+---------+-------
        D:1 |      16 |       0 |   0.0 |      10 |       0 |   0.0
        D:2 |      35 |      15 |  30.0 |      14 |       3 |  17.6
        D:3 |      62 |       0 |   0.0 |       8 |       0 |   0.0
            +---------+---------+-------+---------+---------+-------
